[Event "HUN-chT Youth 2019"]
[Site "Budapest"]
[Date "2019.10.29"]
[Round "6.28"]
[White "Novak, Levente Peter"]
[Black "Sulyok, Eszter"]
[Result "0-1"]
[ECO "B43"]
[WhiteElo "1639"]
[BlackElo "1893"]
[Annotator "NA RC"]
[PlyCount "96"]
[EventDate "2019.10.26"]
[EventType "team-tourn"]
[EventCountry "HUN"]
[SourceTitle "playchess.com"]
[Source "ChessBase"]
[SourceQuality "1"]
[TimeControl "5400+30"]

1. e4 c5 2. Nf3 e6 3. d4 cxd4 4. Nxd4 a6 5. Nc3 Qc7 6. Be2 Nf6 7. O-O Bb4 8. Qd3 Nc6 9. Bg5 Be7 {[%emt 0:07:44] B43: Sicilian: Kan Variation: 5 Nc3} 10. Be3 (10. Nxc6 bxc6 11. f4 d5 12. e5 Ng8 13. Qg3 g6 14. Bxe7 Nxe7 15. Na4 a5 {½-½ (15) Praggnanandhaa,R (2487)-Landa,K (2623) Vlissingen 2017}) 10... O-O 11. Kh1 $146 ({Predecessor:} 11. f4 Nb4 12. Qd2 Nc6 13. e5 Ne8 14. Rad1 d6 15. Rf3 dxe5 16. Nxc6 Qxc6 17. fxe5 {1-0 (24) Idczak,R (1856)-Zysko,T (1704) Wroclaw 2007}) 11... Ne5 12. Qd2 Bb4 13. f3 b5 14. Bg5 Be7 15. f4 Ng6 16. e5 Ne8 17. Bxe7 Nxe7 18. Bf3 Rb8 19. Ne4 d5 20. exd6 Nxd6 21. Nxd6 Qxd6 22. Rad1 Rd8 ({Black should try} 22... Qb6 $11) 23. Qe3 ({Better is} 23. Qa5 $1 $14 Rf8 24. Nxe6 Qxe6 25. Qc7) 23... Qc7 24. Be4 ({White should play} 24. f5 $14) 24... Bb7 25. c3 Bxe4 26. Qxe4 Rd6 27. Rd3 (27. Rde1 $11) 27... Rbd8 28. Rfd1 b4 29. Ne2 Rxd3 30. Rxd3 bxc3 31. Rxd8+ Qxd8 32. Nxc3 h6 33. h3 ({White should play} 33. g3 $15) 33... Qd2 34. Qa8+ Kh7 35. Qxa6 Qc1+ 36. Kh2 Qxf4+ 37. Kh1 ({White should try} 37. Kg1) 37... Qc1+ 38. Kh2 Qxb2 39. Qd3+ Ng6 40. a4 f5 (40... Qb4 $17 41. Qg3 f5) 41. a5 $1 {[%emt 0:00:55] [#]} Nf4 $1 42. Qf3 {[%emt 0:01:01] [#]} Nxg2 $1 43. Qxg2 $15 Qxc3 44. a6 Qe5+ 45. Qg3 Qe2+ 46. Kh1 Qxa6 47. Qe5 Qc6+ 48. Kh2 Qe4 0-1

[Event "HUN-chT Youth 2019"]
[Site "Budapest"]
[Date "2019.10.29"]
[Round "6.29"]
[White "Szabo, Miklos"]
[Black "Makay, Mark Janos"]
[Result "1-0"]
[ECO "B31"]
[WhiteElo "1796"]
[BlackElo "1442"]
[Annotator "NA RC"]
[PlyCount "51"]
[EventDate "2019.10.26"]
[EventType "team-tourn"]
[EventCountry "HUN"]
[SourceTitle "playchess.com"]
[Source "ChessBase"]
[SourceQuality "1"]
[TimeControl "5400+30"]

1. e4 c5 2. Nf3 Nc6 3. Bb5 g6 4. e5 Bg7 5. Bxc6 dxc6 6. h3 e6 7. d3 Ne7 8. Bg5 Qc7 9. Bxe7 Qxe7 10. O-O O-O 11. Nbd2 b6 12. Qc1 Rd8 13. Ne4 f5 14. Nd6 Ba6 15. Nc4 h6 16. Nd6 Kh7 17. Re1 g5 18. Qe3 Kg6 19. d4 cxd4 20. Nxd4 Qd7 21. g4 Bxe5 22. Qxe5 Qxd6 23. gxf5+ Kh7 24. Qxe6 Qxd4 25. Qg6+ Kh8 26. Re7 1-0

[Event "HUN-chT Youth 2019"]
[Site "Budapest"]
[Date "2019.10.29"]
[Round "6.33"]
[White "Koszta, Benedek"]
[Black "Kelemen, Szabolcs"]
[Result "1/2-1/2"]
[ECO "B31"]
[WhiteElo "2043"]
[BlackElo "1960"]
[Annotator "NA RC"]
[PlyCount "67"]
[EventDate "2019.10.26"]
[EventType "team-tourn"]
[EventCountry "HUN"]
[SourceTitle "playchess.com"]
[Source "ChessBase"]
[SourceQuality "1"]
[TimeControl "5400+30"]

1. e4 c5 2. Nf3 Nc6 3. Bb5 g6 4. O-O Bg7 5. Re1 Nf6 6. Nc3 a6 {[%emt 0:01:57] B31: Sicilian: 2...Nc6 3 Bb5 g6} (6... O-O 7. e5 Ne8 8. Bxc6 bxc6 9. d4 cxd4 10. Qxd4 Nc7 11. Qh4 f6 12. Bh6 g5 13. Qh5 Qe8 14. Qxe8 Rxe8 15. Bxg7 Kxg7 16. Ne4 Rb8 17. exf6+ exf6 18. Nd6 Re6 {1-0 (33) Sevian,S (2666)-Nihal,S (2598) chess.com INT 2019}) 7. Bxc6 dxc6 8. e5 Nd5 9. Ne4 b6 10. h3 O-O 11. d3 a5 12. a3 Ba6 $146 ({Predecessor:} 12... Nc7 13. Be3 {1-0 (51) Uifelean,A (2243)-Popescu,B ICCF email 2011}) 13. Qe2 Nc7 14. Be3 h6 15. b4 axb4 16. axb4 cxb4 17. Bxb6 Qb8 18. Bxc7 Qxc7 19. Nc5 Bb5 20. Qe4 Ra5 21. Qxb4 Rfa8 22. Rxa5 Rxa5 23. c4 Ba6 24. Rb1 Bc8 25. d4 Bf5 (25... Ra7 $142 26. Qb8 Kh7) 26. Qb8+ Qxb8 27. Rxb8+ Kh7 28. Rb6 Ra1+ 29. Kh2 Rc1 30. Rxc6 $2 (30. g4 $18 Bb1 31. Nb3) 30... Rxc4 31. Rc7 Rxd4 $1 32. Rxe7 (32. g4 $1 $14 Bb1 33. Rxe7) 32... Rd5 $1 33. Nb7 Be6 34. Nd6 $11 1/2-1/2

[Event "HUN-chT Youth 2019"]
[Site "Budapest"]
[Date "2019.10.29"]
[Round "6.34"]
[White "Tancz, Janos"]
[Black "Megyaszai, Balazs"]
[Result "0-1"]
[ECO "B84"]
[WhiteElo "1486"]
[BlackElo "1894"]
[Annotator "NA RC"]
[PlyCount "68"]
[EventDate "2019.10.26"]
[EventType "team-tourn"]
[EventCountry "HUN"]
[SourceTitle "playchess.com"]
[Source "ChessBase"]
[SourceQuality "1"]
[TimeControl "5400+30"]

1. e4 c5 2. Nf3 d6 3. d4 cxd4 4. Nxd4 Nf6 5. Nc3 a6 6. Be2 e6 7. Bg5 Be7 8. Qd2 b5 9. a3 Bb7 10. f3 {[%emt 0:02:02] B95: Sicilian Najdorf: 6 Bg5 e6, unusual White 7th moves} O-O (10... Nbd7 11. O-O O-O 12. Rad1 Rc8 13. Nb3 Qc7 14. Kh1 Rfd8 15. Qe1 h6 16. Bc1 Nf8 17. Bd3 e5 {0-1 (34) Khin,T (2541)-Zhu,C (2487) Yangon 1999}) 11. O-O-O d5 $146 ({Predecessor:} 11... Nbd7 12. h4 Rc8 13. g4 Nb6 14. Bxf6 Bxf6 15. g5 Bxd4 16. Qxd4 Nc4 17. Bxc4 Rxc4 18. Qxd6 {0-1 (48) Farago,S (2323)-Tian,T (2355) Budapest 2001}) 12. exd5 Nxd5 13. Bxe7 Qxe7 14. Nxd5 Bxd5 15. Rhe1 Nd7 16. Nf5 Qf6 17. Ne3 Nb6 18. Ng4 Qd8 19. Bd3 Rc8 20. Ne3 Qc7 21. Ng4 Bc4 22. Bxc4 Nxc4 23. Qd7 Qf4+ 24. Kb1 Qb8 25. Qd4 Rfd8 26. Qf2 {[%emt 0:00:46] [#]} b4 $1 27. Qh4 $2 {[%emt 0:03:13] [#]} (27. Ne3 Nxa3+ 28. Ka1) 27... Nxa3+ $1 28. Ka2 Nxc2 29. Nf6+ $19 gxf6 30. Qxf6 Nxe1 31. Qg5+ Kf8 32. Qh6+ Ke8 33. Rxd8+ Rxd8 34. Qg7 b3+ 0-1

[Event "HUN-chT Youth 2019"]
[Site "Budapest"]
[Date "2019.10.29"]
[Round "6.35"]
[White "Kocsmar, Akos"]
[Black "Palczert, Hajnalka"]
[Result "1-0"]
[ECO "D96"]
[WhiteElo "1916"]
[BlackElo "1531"]
[Annotator "NA RC"]
[PlyCount "85"]
[EventDate "2019.10.26"]
[EventType "team-tourn"]
[EventCountry "HUN"]
[SourceTitle "playchess.com"]
[Source "ChessBase"]
[SourceQuality "1"]
[TimeControl "5400+30"]

1. d4 Nf6 2. c4 g6 3. Nc3 d5 4. Nf3 Bg7 5. Qb3 c6 6. e3 O-O 7. Be2 e6 8. O-O {[%emt 0:07:04] D95: Grünfeld: 4 Nf3 Bg7 5 e3 0-0 6 Qb3} b6 (8... Nbd7 9. Rd1 a6 10. a4 a5 11. Qc2 Re8 12. b3 b6 13. cxd5 exd5 14. Ba3 Bb7 15. Rac1 Bh6 {½-½ (50) Zubov,A (2597)-Kamsky,G (2666) St Petersburg 2018}) 9. Qc2 Bb7 10. b3 Nbd7 11. Bb2 c5 $146 ({Predecessor:} 11... Rc8 12. Rfd1 Qc7 13. Rac1 Qb8 14. h3 Rfd8 {½-½ (14) Lerstad,B (1902)-Vink,W (1954) Rogaska Slatina 2012}) 12. Rac1 cxd4 13. exd4 Rc8 14. Ba3 Re8 15. Nb5 Bf8 16. Bxf8 Rxf8 17. Nxa7 Ra8 18. Nb5 Ne4 19. Nd2 Ndf6 20. Nxe4 Nxe4 21. f3 Nd6 22. Nxd6 Qxd6 23. c5 Qc6 24. a4 Rfc8 25. Bb5 Qc7 26. c6 Ba6 27. Qd3 Bxb5 28. axb5 Ra5 29. Ra1 Rca8 30. Rxa5 Rxa5 31. b4 Ra4 32. Qb3 Ra7 33. Qb2 Qf4 34. Ra1 Rc7 35. Qc3 Kf8 36. Ra6 Qd6 37. Rxb6 Qd8 38. Qc5+ Ke8 39. Rb7 Qc8 40. Rxc7 Qxc7 41. b6 Qf4 42. Qc3 Kd8 43. c7+ 1-0

[Event "HUN-chT Youth 2019"]
[Site "Budapest"]
[Date "2019.10.29"]
[Round "6.36"]
[White "Kreiter, Lilla"]
[Black "Szamko, Hanna"]
[Result "0-1"]
[ECO "C25"]
[WhiteElo "1280"]
[BlackElo "1402"]
[Annotator "NA RC"]
[PlyCount "140"]
[EventDate "2019.10.26"]
[EventType "team-tourn"]
[EventCountry "HUN"]
[SourceTitle "playchess.com"]
[Source "ChessBase"]
[SourceQuality "1"]
[TimeControl "5400+30"]

1. e4 e5 2. Nc3 Nc6 3. Bc4 Bc5 4. Qg4 g6 5. Nd5 d6 6. Qd1 Nf6 7. d3 Nxd5 8. Bxd5 Qe7 9. Be3 Bb6 10. Ne2 Be6 11. Bxb6 axb6 12. Nc3 O-O 13. Qd2 Rab8 14. O-O-O Nb4 15. Kb1 Bxd5 16. Nxd5 Nxd5 17. exd5 Ra8 18. h4 c6 19. h5 cxd5 20. hxg6 fxg6 21. f3 d4 22. Qb4 Ra6 23. Qc4+ Qf7 24. Qxf7+ Rxf7 25. Rde1 Ra8 26. Rhf1 Raf8 27. Re4 g5 28. c3 dxc3 29. bxc3 Rf4 30. Rd1 R8f6 31. Kc2 Kf7 32. Rb1 Rxe4 33. dxe4 d5 34. exd5 Rd6 35. c4 Kf6 36. Rh1 Kg6 37. g4 h6 38. Kd3 b5 39. Rb1 bxc4+ 40. Kxc4 b6 41. Rb5 Rf6 42. Rb3 Rd6 43. Rb5 Rf6 44. Rb3 Rd6 45. a4 h5 46. Rd3 h4 47. Kb5 Kf6 48. Ka6 Ke7 49. Kb7 Kd7 50. Rc3 Rxd5 51. Kxb6 Ke6 52. a5 Rd2 53. a6 Rb2+ 54. Kc6 Ra2 55. Kb5 Rb2+ 56. Ka4 Rb8 57. Ka5 Kd5 58. a7 Ra8 59. Ka6 Kd4 60. Rc1 Ke3 61. Kb7 Rxa7+ 62. Kxa7 Kxf3 63. Re1 e4 64. Rf1+ Kxg4 65. Kb6 e3 66. Kc5 e2 67. Re1 Kf3 68. Kd5 Kf2 69. Rxe2+ Kxe2 70. Ke4 Kf2 0-1

[Event "HUN-chT Youth 2019"]
[Site "Budapest"]
[Date "2019.10.29"]
[Round "7.1"]
[White "Turcsanyi, Vince Gergo"]
[Black "Konyves, Almos"]
[Result "1-0"]
[ECO "B23"]
[WhiteElo "1810"]
[BlackElo "2006"]
[Annotator "NA"]
[PlyCount "43"]
[EventDate "2019.10.26"]
[EventType "team-tourn"]
[EventCountry "HUN"]
[SourceTitle "playchess.com"]
[Source "ChessBase"]
[SourceQuality "1"]
[TimeControl "5400+30"]

1. e4 c5 2. Nc3 Nc6 3. f4 g6 4. Nf3 Bg7 5. Bc4 e6 6. d3 Nge7 7. O-O d6 8. Qe1 a6 9. a4 O-O 10. f5 {[%emt 0:05:13] B23: Closed Sicilian: Lines without g3} d5 11. Bb3 d4 (11... dxe4 $11 {remains equal.} 12. dxe4 exf5) 12. Ne2 exf5 13. Qh4 h5 $146 ({Predecessor:} 13... Na5 14. Ba2 c4 15. b4 cxb3 16. cxb3 fxe4 17. Ng5 h6 18. Nxf7 Rxf7 {½-½ (31) Bennett,H (2134)-Dowden,R (2190) Dunedin 2007}) 14. Ng3 Ne5 15. Bg5 Re8 16. exf5 gxf5 17. Nxe5 Bxe5 18. Qxh5 Be6 {[%emt 0:10:33] [#]} 19. Nxf5 $18 {[%emt 0:01:22] Pin} Bxb3 20. Nh6+ Kg7 21. cxb3 f6 22. Rxf6 1-0

[Event "HUN-chT Youth 2019"]
[Site "Budapest"]
[Date "2019.10.29"]
[Round "7.2"]
[White "Pasztor, Balazs"]
[Black "Vanczak, Tamas"]
[Result "1/2-1/2"]
[ECO "B72"]
[WhiteElo "2152"]
[BlackElo "2327"]
[Annotator "RC"]
[PlyCount "55"]
[EventDate "2019.10.26"]
[EventType "team-tourn"]
[EventCountry "HUN"]
[SourceTitle "playchess.com"]
[Source "ChessBase"]
[SourceQuality "1"]
[TimeControl "5400+30"]

1. e4 c5 2. Nf3 d6 3. d4 cxd4 4. Nxd4 Nf6 5. Nc3 g6 6. Be3 a6 7. f3 b5 8. a4 b4 9. Na2 e5 10. Nb3 d5 11. Bg5 Nbd7 12. exd5 Bb7 13. Bd3 Bxd5 14. Qe2 Qb6 15. Be3 Qb7 16. O-O Bg7 17. Na5 Qc7 18. Nc4 a5 19. c3 bxc3 20. Nxc3 O-O 21. Nb5 Qb8 22. Rac1 Bxc4 23. Bxc4 Nb6 24. Bc5 Rd8 25. b3 Nxc4 26. bxc4 Qb7 27. Bd6 Qc6 28. Rfd1 1/2-1/2

[Event "HUN-chT Youth 2019"]
[Site "Budapest"]
[Date "2019.10.29"]
[Round "7.2"]
[White "Bodrogi, Bendeguz"]
[Black "Lazsadi, Kerka Lilla"]
[Result "1-0"]
[ECO "A04"]
[WhiteElo "1903"]
[BlackElo "1561"]
[Annotator "NA"]
[PlyCount "51"]
[EventDate "2019.10.26"]
[EventType "team-tourn"]
[EventCountry "HUN"]
[SourceTitle "playchess.com"]
[Source "ChessBase"]
[SourceQuality "1"]
[TimeControl "5400+30"]

1. Nf3 e6 2. c4 Nf6 3. g3 g6 4. Bg2 Bg7 5. O-O O-O 6. Nc3 c6 7. d4 d5 8. b3 Ne4 {[%emt 0:04:23] D78: Fianchetto Grünfeld: 6 0-0 c6} 9. Bb2 (9. Qc2 Nxc3 10. Qxc3 b6 11. Bf4 Bb7 12. Rfd1 Nd7 13. Qd2 Re8 14. Rac1 Qe7 15. Qe1 Rad8 16. Bg5 {0-1 (28) Aghasaryan,R (2531)-Grandelius,N (2647) chess.com INT 2018}) 9... f5 10. Ne5 Bxe5 $146 ({Predecessor:} 10... Nd7 11. Nxe4 Nxe5 12. Nc5 Nf7 13. Qd2 b6 14. Nd3 Ba6 15. cxd5 cxd5 16. Rac1 {½-½ (42) Hokamp,S (2039)-Tillmann,F (1841) Germany 2011}) 11. dxe5 Qb6 12. Rc1 Nd7 13. Na4 Qd8 14. f3 Nec5 15. Nxc5 Nxc5 16. cxd5 Na6 17. d6 Bd7 18. f4 g5 19. Qd2 g4 20. e4 h5 21. Rfe1 Re8 22. Qc3 fxe4 23. Bxe4 h4 24. Qd3 Kh8 $18 25. Qe3 Kg7 26. Qe2 1-0

[Event "HUN-chT Youth 2019"]
[Site "Budapest"]
[Date "2019.10.29"]
[Round "7.3"]
[White "Pribelszky, Bence"]
[Black "Dibusz, Domonkos"]
[Result "1/2-1/2"]
[ECO "A06"]
[WhiteElo "2191"]
[BlackElo "2088"]
[Annotator "ChessBase"]
[PlyCount "46"]
[EventDate "2019.10.26"]
[EventType "team-tourn"]
[EventCountry "HUN"]
[SourceTitle "playchess.com"]
[Source "ChessBase"]
[SourceQuality "1"]
[TimeControl "5400+30"]

1. Nf3 d5 2. g3 Nf6 3. Bg2 c6 4. O-O Bf5 5. d3 Nbd7 6. Nbd2 e6 7. b3 Be7 8. Bb2 O-O 9. Nh4 Bg6 10. Nxg6 hxg6 11. c4 Re8 12. Rc1 Bd6 13. Rc2 e5 14. Qc1 a5 15. cxd5 cxd5 16. Ba3 Bxa3 17. Qxa3 Nb8 18. Nb1 Nc6 19. Nc3 Nd4 20. Rcc1 Rc8 21. Qb2 Qd7 22. e3 Ne6 23. Na4 Qd6 1/2-1/2

[Event "HUN-chT Youth 2019"]
[Site "Budapest"]
[Date "2019.10.29"]
[Round "7.3"]
[White "Kovacs, Kristof"]
[Black "Onodi, Miklos"]
[Result "0-1"]
[ECO "B30"]
[WhiteElo "1547"]
[BlackElo "1548"]
[Annotator "NA"]
[PlyCount "94"]
[EventDate "2019.10.26"]
[EventType "team-tourn"]
[EventCountry "HUN"]
[SourceTitle "playchess.com"]
[Source "ChessBase"]
[SourceQuality "1"]
[TimeControl "5400+30"]

1. e4 c5 2. Nf3 Nc6 3. Bb5 Qc7 4. O-O a6 5. Bxc6 dxc6 6. d3 e5 7. b3 Ne7 8. Bb2 f6 9. Nbd2 Be6 10. Qe2 Ng6 11. c3 Nf4 12. Qe3 g5 13. d4 g4 14. Nh4 Bh6 15. Qe1 Nd3 16. Qb1 Nxb2 17. Qxb2 Bg5 18. Nf5 O-O-O 19. Nc4 Bxf5 20. exf5 cxd4 21. cxd4 Rxd4 22. Rfd1 Rhd8 23. Rxd4 Rxd4 24. Qa3 Kb8 25. Qf8+ Rd8 26. Qc5 Qd7 27. Rf1 Qxf5 28. Qb6 Qd7 29. g3 Qd4 30. Qb4 b5 31. Na5 Qxb4 32. Nxc6+ Kb7 33. Nxb4 a5 34. Nc2 Rd2 35. Ne3 Bxe3 36. fxe3 Rxa2 37. Rxf6 Re2 38. Rf7+ Kc6 39. Rxh7 Rxe3 40. Rh6+ Kc5 41. h4 gxh3 42. g4 Rg3+ 43. Kf2 Rxg4 44. Rxh3 Rb4 45. Re3 Kd5 46. Rd3+ Rd4 47. Rc3 Re4 0-1

[Event "HUN-chT Youth 2019"]
[Site "Budapest"]
[Date "2019.10.29"]
[Round "7.4"]
[White "Kovacs, Gabor Etele"]
[Black "Kiss, Eniko"]
[Result "1/2-1/2"]
[ECO "C10"]
[WhiteElo "2053"]
[BlackElo "1703"]
[Annotator "NA"]
[PlyCount "53"]
[EventDate "2019.10.26"]
[EventType "team-tourn"]
[EventCountry "HUN"]
[SourceTitle "playchess.com"]
[Source "ChessBase"]
[SourceQuality "1"]
[TimeControl "5400+30"]

1. e4 e6 2. d4 d5 3. Nd2 dxe4 4. Nxe4 Bd7 5. Nf3 Bc6 6. Bd3 Nd7 7. O-O Ngf6 8. Ng3 Bd6 9. c3 {[%emt 0:04:13] C10: French with 3 Nc3: Unusual Black 3rd moves and 3...dxe4} (9. Re1 O-O 10. Ne5 Bxe5 11. dxe5 Nd5 12. Qh5 g6 13. Qh6 f5 14. exf6 Qxf6 15. Ne4 Qg7 16. Qh4 Rfe8 17. Bh6 Qxb2 {1-0 (33) Le,Q (2714)-Teske,H (2483) St Petersburg 2018}) 9... O-O 10. Qe2 h6 11. Ne5 $146 ({Predecessor:} 11. b4 a6 12. a4 Nb6 13. a5 Nbd5 14. Bd2 {½-½ (68) Szakats,S (1859)-Shan,H (1528) Budapest 2010}) 11... Bxe5 {[%emt 0:05:20] Remove Defender} 12. dxe5 Nd5 (12... Nxe5 $11 13. Qxe5 Qxd3) 13. Nh5 Kh8 14. Qg4 Rg8 15. Re1 Nc5 16. Bc2 Qe7 {[%emt 0:02:20] [#]} 17. Qh3 $1 Qf8 {[%emt 0:03:21] [#]} 18. c4 $2 (18. Nf6 $1 $18 ) 18... Nb4 19. Bb1 Rd8 20. Bg5 Rd7 {[%emt 0:05:12] [#]} 21. Rf1 $15 ({White should play} 21. Nf6 $1 $18 ) 21... Ne4 22. Be3 Nd2 23. Rd1 Nxc4 24. Rxd7 Bxd7 25. Bf4 Nxb2 26. Qb3 Na4 27. a3 1/2-1/2

[Event "HUN-chT Youth 2019"]
[Site "Budapest"]
[Date "2019.10.29"]
[Round "7.4"]
[White "Kerekes, Laszlo Fulop"]
[Black "Szabo, Akos"]
[Result "1-0"]
[ECO "C52"]
[WhiteElo "1369"]
[BlackElo "1418"]
[Annotator "NA"]
[PlyCount "59"]
[EventDate "2019.10.26"]
[EventType "team-tourn"]
[EventCountry "HUN"]
[SourceTitle "playchess.com"]
[Source "ChessBase"]
[SourceQuality "1"]
[TimeControl "5400+30"]

1. e4 e5 2. Bc4 Nc6 3. Nf3 Bc5 4. b4 Bxb4 5. c3 Ba5 6. d4 exd4 7. Qb3 Qe7 8. O-O dxc3 9. Ba3 d6 10. Nxc3 Bxc3 11. Qxc3 Ne5 12. Nxe5 Qxe5 13. Qb3 Qh5 14. Rfe1 Nh6 15. e5 O-O 16. exd6 cxd6 17. Bxd6 Qg6 18. Bxf8 Be6 19. Bxe6 Rxf8 20. Bd7 b6 21. h3 Nf5 22. Bxf5 Qxf5 23. Re7 Rc8 24. Rae1 h6 25. Re8+ Rxe8 26. Rxe8+ Kh7 27. Re7 Kg8 28. Rxa7 Qg5 29. Qxf7+ Kh7 30. f4 1-0

[Event "HUN-chT Youth 2019"]
[Site "Budapest"]
[Date "2019.10.29"]
[Round "7.5"]
[White "Ivan, Reka Gyongyver"]
[Black "Giang, Tran Nam"]
[Result "0-1"]
[ECO "D00"]
[WhiteElo "1686"]
[BlackElo "2028"]
[Annotator "NA"]
[PlyCount "42"]
[EventDate "2019.10.26"]
[EventType "team-tourn"]
[EventCountry "HUN"]
[SourceTitle "playchess.com"]
[Source "ChessBase"]
[SourceQuality "1"]
[TimeControl "5400+30"]

1. d4 d5 2. Bf4 Nf6 3. e3 c5 4. c3 Nc6 5. Nd2 Bf5 6. Ngf3 Qb6 7. Qc1 h6 {[%emt 0:03:32] D02: 1 d4 d5 2 Nf3 sidelines, including 2...Nf6 3 g3 and 2...Nf6 3 Bf4} (7... e6 8. a4 a6 9. Be2 Rc8 10. O-O Be7 11. a5 Qd8 12. dxc5 Bxc5 13. Nb3 Be7 14. Nbd4 Bg4 15. Nxc6 Rxc6 {1-0 (59) Firouzja,A (2499)-Wen,Y (2617) Bandar e Anzali 2017}) 8. dxc5 Qxc5 9. Nb3 Qb6 10. Qd2 $146 (10. Nbd4 $5 Bh7 11. a4 $11) ({Predecessor:} 10. Qd1 e6 11. Bd3 Bxd3 {½-½ (30) Muzina,M (1996)-Josic,H (2180) Garesnica 2018}) 10... e6 11. Bd3 Bxd3 12. Qxd3 Be7 13. Rb1 O-O 14. O-O Nh5 15. Be5 Nxe5 16. Nxe5 Nf6 17. Qd4 Qc7 18. Nd2 Bc5 19. Qf4 Nh5 20. Qh4 $19 Qxe5 21. Nf3 Qf5 0-1

[Event "HUN-chT Youth 2019"]
[Site "Budapest"]
[Date "2019.10.29"]
[Round "7.5"]
[White "Lazsadi, Blanka Anna"]
[Black "Molnar, Dalma Reka"]
[Result "1-0"]
[ECO "C47"]
[WhiteElo "1142"]
[BlackElo "1088"]
[Annotator "NA"]
[PlyCount "99"]
[EventDate "2019.10.26"]
[EventType "team-tourn"]
[EventCountry "HUN"]
[SourceTitle "playchess.com"]
[Source "ChessBase"]
[SourceQuality "1"]
[TimeControl "5400+30"]

1. e4 e5 2. Nf3 Nc6 3. Nc3 Nf6 4. d4 d6 5. h3 Be7 6. Bb5 a6 7. Bxc6+ bxc6 8. dxe5 dxe5 9. Qxd8+ Bxd8 10. Nxe5 Bb7 11. O-O O-O 12. Bf4 Be7 13. Nd3 Rac8 14. Ne2 Nxe4 15. Rfe1 Bd6 16. Bxd6 cxd6 17. Nd4 Nf6 18. Nf5 Rcd8 19. Re7 Ba8 20. Ra7 g6 21. Ne3 Rb8 22. Rxa6 Bb7 23. Rb6 Rfd8 24. a4 c5 25. a5 Be4 26. Nxc5 Rxb6 27. Nxe4 Nxe4 28. axb6 Rb8 29. Nd5 Nc5 30. b4 Nb7 31. Kf1 f5 32. Ke2 Kf7 33. Kd3 Ke6 34. c4 Kd7 35. b5 Nc5+ 36. Kc2 Nb7 37. Nf6+ Ke6 38. Nxh7 Ke5 39. Kc3 f4 40. Re1+ Kf5 41. Kd4 Rh8 42. Re7 Nc5 43. Kd5 g5 44. Kxd6 Kg6 45. Kxc5 Rxh7 46. Rxh7 Kxh7 47. b7 Kg6 48. b8=Q Kf5 49. Qd6 Ke4 50. Qd5# {[%emt 0:00:26] Kxd5+} 1-0

[Event "HUN-chT Youth 2019"]
[Site "Budapest"]
[Date "2019.10.29"]
[Round "7.6"]
[White "Toth, Kincso"]
[Black "Kiraly, Lilla Virag"]
[Result "0-1"]
[ECO "B13"]
[WhiteElo "1556"]
[BlackElo "1450"]
[Annotator "NA"]
[PlyCount "54"]
[EventDate "2019.10.26"]
[EventType "team-tourn"]
[EventCountry "HUN"]
[SourceTitle "playchess.com"]
[Source "ChessBase"]
[SourceQuality "1"]
[TimeControl "5400+30"]

1. e4 c6 2. d4 d5 3. exd5 cxd5 4. Bd3 Nf6 5. h3 Nc6 6. c3 e6 7. Nf3 Bd6 8. O-O O-O 9. Re1 a6 10. Qe2 b5 11. a3 Qb6 12. Nbd2 Bd7 13. Kh1 Rfb8 14. Ne5 a5 15. f4 b4 16. axb4 axb4 17. Rb1 Qa5 18. Ndf3 bxc3 19. b3 Nb4 20. Be3 Qa2 21. Rec1 Nxd3 22. Qxd3 Bb4 23. Ng5 Be8 24. Ngf3 Ne4 25. Qc2 Bb5 26. Ne1 Ng3+ 27. Kh2 Nf1+ 0-1

[Event "HUN-chT Youth 2019"]
[Site "Budapest"]
[Date "2019.10.29"]
[Round "7.7"]
[White "Papp, Bence"]
[Black "Geher, Koppany"]
[Result "1/2-1/2"]
[ECO "B47"]
[WhiteElo "2184"]
[BlackElo "2256"]
[Annotator "ChessBase"]
[PlyCount "43"]
[EventDate "2019.10.26"]
[EventType "team-tourn"]
[EventCountry "HUN"]
[SourceTitle "playchess.com"]
[Source "ChessBase"]
[SourceQuality "1"]
[TimeControl "5400+30"]

1. e4 c5 2. Nf3 Nc6 3. Nc3 e6 4. d4 cxd4 5. Nxd4 Qc7 6. g3 a6 7. Bg2 Nf6 8. O-O Bc5 9. Nxc6 dxc6 10. Bg5 e5 11. Qe2 Be6 12. Be3 Bxe3 13. Qxe3 b5 14. Rfd1 O-O 15. Rd2 Rfd8 16. Rad1 Rd7 17. a3 Rad8 18. f3 Rxd2 19. Rxd2 Rxd2 20. Qxd2 Qb6+ 21. Qf2 Qxf2+ 22. Kxf2 1/2-1/2

[Event "HUN-chT Youth 2019"]
[Site "Budapest"]
[Date "2019.10.29"]
[Round "7.7"]
[White "Thierry, Edvard"]
[Black "Szabo, Marton Nandor"]
[Result "0-1"]
[ECO "B27"]
[WhiteElo "1507"]
[BlackElo "1803"]
[Annotator "NA"]
[PlyCount "66"]
[EventDate "2019.10.26"]
[EventType "team-tourn"]
[EventCountry "HUN"]
[SourceTitle "playchess.com"]
[Source "ChessBase"]
[SourceQuality "1"]
[TimeControl "5400+30"]

1. e4 c5 2. Nf3 b6 3. d4 cxd4 4. Nxd4 Bb7 5. Nc3 d6 6. Bb5+ Nd7 7. O-O a6 8. Be2 Ngf6 9. f3 g6 10. Be3 Bg7 11. Qd2 O-O 12. Bh6 Rc8 13. Bxg7 Kxg7 14. Qg5 Rc5 15. Qg3 Nh5 16. Qf2 Nhf6 17. Rfd1 Rc8 18. Qe3 Qc7 19. Kh1 b5 20. a3 Ne5 21. Bd3 Nc6 22. Nxc6 Bxc6 23. Be2 Rfd8 24. h3 Bd7 25. Bd3 Be6 26. Ne2 Qc5 27. Qxc5 dxc5 28. c3 Bb3 29. Rd2 c4 30. Nd4 Ba4 31. Bc2 e5 32. b3 cxb3 33. Nxb3 Rxd2 0-1

[Event "HUN-chT Youth 2019"]
[Site "Budapest"]
[Date "2019.10.29"]
[Round "7.8"]
[White "Ongut, Tamas Gunes"]
[Black "Leszko, Bence"]
[Result "1-0"]
[ECO "B34"]
[WhiteElo "2214"]
[BlackElo "2201"]
[Annotator "ChessBase"]
[PlyCount "77"]
[EventDate "2019.10.26"]
[EventType "team-tourn"]
[EventCountry "HUN"]
[SourceTitle "playchess.com"]
[Source "ChessBase"]
[SourceQuality "1"]
[TimeControl "5400+30"]

1. e4 c5 2. Nf3 Nc6 3. d4 cxd4 4. Nxd4 Nf6 5. Nc3 e5 6. Ndb5 d6 7. Nd5 Nxd5 8. exd5 Ne7 9. c3 Ng6 10. Qa4 Bd7 11. Qc4 Bxb5 12. Qxb5+ Qd7 13. Be3 a6 14. Qxd7+ Kxd7 15. Bd3 Ne7 16. c4 f5 17. f4 e4 18. Be2 g6 19. Kf2 Bg7 20. Rab1 Rhf8 21. b4 g5 22. fxg5 f4 23. Bb6 e3+ 24. Kf1 Nc8 25. Bg4+ Ke7 26. Bc7 b6 27. c5 Bd4 28. Bxc8 bxc5 29. Bg4 Ra7 30. Ba5 Rb7 31. Ke2 cxb4 32. Rxb4 Rxb4 33. Bxb4 Rb8 34. Ba3 Rb5 35. Rd1 Be5 36. Bf3 Bb2 37. Bxb2 Rxb2+ 38. Kd3 Rxa2 39. Ke4 1-0